 Dungeon Crawl Stone Soup version 0.26-a0-597-gb535b0901c (webtiles) character file.

Game seed: 6983369085369961452

112 Ge0ff the Poker (level 4, -2/38 HPs)
             Began as a Draconian Abyssal Knight on Aug 26, 2020.
             Was a Believer of Lugonu.
             Slain by a bullfrog (4 damage)
             ... in a sewer.
             The game lasted 00:05:53 (2405 turns).

Ge0ff the Poker (Draconian Abyssal Knight)          Turns: 2405, Time: 00:05:53

Health: -2/38      AC:  5    Str: 14    XL:     4   Next: 64%
Magic:  5/5        EV: 12    Int: 13    God:    Lugonu [**....]
Gold:   136        SH:  0    Dex: 11    Spells: 3/3 levels left

rFire    . . .     SeeInvis .   a - +1 spear
rCold    . . .     Faith    +   (no shield)
rNeg     . . .     Spirit   .   (armour unavailable)
rPois    .         Reflect  .   (helmet restricted)
rElec    .         Harm     .   (no cloak)
rCorr    .                      (no gloves)
MR       .....                  (no boots)
Stlth    ++........             V - amulet of faith
HPRegen  0.12/turn              (no ring)
MPRegen  0.09/turn              (no ring)

@: no status effects
A: unfitting armour, cold-blooded, AC +5
a: Depart the Abyss, Bend Space, Renounce Religion


You were in a sewer.
You worshipped Lugonu.
Lugonu was pleased with you.
You visited 1 branch of the dungeon, and saw 3 of its levels.
You visited the Abyss 1 time.
You also visited: Sewer.

You collected 136 gold pieces.

Inventory:

Hand Weapons
 a - a +1 spear (weapon)
Missiles
 e - 5 stones (quivered)
 X - 6 poisoned darts
Armour
 W - a +0 kite shield
Jewellery
 V - an amulet of faith (around neck)
Scrolls
 y - a scroll of immolation
Potions
 R - a potion of resistance


   Skills:
 - Level 3.2 Fighting
 * Level 4.3 Polearms
 - Level 2.1 Dodging
 - Level 2.0 Stealth
 - Level 2.0 Invocations


You had 3 spell levels left.
You didn't know any spells.
Your spell library was empty.

Dungeon Overview and Level Annotations

Branches:
Dungeon (3/15)              Sewer (1/1)

Altars:
Dithmenos


Innate Abilities, Weirdness & Mutations

Your plain brown scales are hard. (AC +5)
You cannot fit into any form of body armour.
You are cold-blooded and may be slowed by cold attacks.


Message History

Attack whom?
Press: ? - help, Dir - move target cursor, f/p - bullfrog
Aim: a bullfrog You reach to attack!
You barely miss the bullfrog. The bullfrog barely misses you.
You hit the bullfrog.
The bullfrog is moderately wounded.
The bullfrog hits you but does no damage.
The bullfrog barely misses you.
The bullfrog hits you but does no damage.
You hit the bullfrog.
The bullfrog is heavily wounded.
The bullfrog barely misses you. The bullfrog hits you!
* * * LOW HITPOINT WARNING * * *
The bullfrog hits you!
* * * LOW HITPOINT WARNING * * *
You barely miss the bullfrog. You tail-slap the bullfrog.
The bullfrog is heavily wounded.
The bullfrog misses you. The bullfrog hits you.
You die...

####### #.....########
#.≈≈≈.÷≈≈..≈.########
≈≈≈≈≈≈≈≈≈≈≈≈.≈†.∩.∩.#
#.≈≈≈≈≈≈≈≈≈≈.########
#≈≈≈≈÷########
#.≈≈≈≈###########################
#.≈≈≈≈≈.≈......F@................
#≈≈≈≈≈≈≈≈≈≈≈≈≈≈F≈≈≈≈≈≈≈≈≈≈≈≈≈≈≈≈.
#.≈≈≈≈≈≈≈≈≈≈≈≈≈≈≈≈≈≈≈≈≈≈≈≈≈≈≈≈≈≈≈
#.≈≈≈≈≈≈÷≈≈≈≈≈≈≈≈≈≈≈≈≈≈≈≈≈≈≈≈≈≈≈≈
#.≈≈≈.≈≈.........≈≈≈≈≈≈≈≈≈≈..≈≈≈≈
#≈≈≈≈≈#######≈≈≈≈≈≈≈≈≈≈≈≈≈≈≈≈.≈≈≈
#.†≈≈≈# #≈≈≈≈≈≈≈≈≈≈≈≈≈≈≈≈≈≈.≈≈≈
#.≈≈≈.# #≈≈≈≈≈≈≈≈≈≈≈≈≈≈≈≈≈≈≈≈≈≈
#.≈≈≈.# #≈≈≈≈≈≈≈≈≈..≈≈≈≈≈≈≈≈≈≈≈≈


You could see 2 bullfrogs.

Vanquished Creatures
  4 adders
  An ooze (D:1)
  2 worms (D:3)
  2 dart slugs (D:1)
  4 leopard geckos
  6 bats
  A giant cockroach (Sewer)
  A goblin (D:1)
  9 hobgoblins
  4 jackals (D:1)
  6 kobolds
  2 quokkas (D:3)
  A ball python (Sewer)
  9 frilled lizards
  8 rats
60 creatures vanquished.

Notes
Turn   | Place    | Note
-------+----------+-------------------------------------------
     0 | Abyss:1  | Ge0ff the Draconian Abyssal Knight began the quest for the
                  | Orb.
     0 | Abyss:1  | Reached XP level 1. HP: 19/19 MP: 2/2
    32 | Abyss:1  | Noticed a tentacled starspawn
    62 | Abyss:1  | Noticed a large abomination
    64 | Abyss:1  | Found a shimmering blue altar of Sif Muna.
    64 | Abyss:1  | Noticed a sixfirhy
    68 | D:1      | Escaped the Abyss
   240 | D:1      | Reached XP level 2. HP: 26/26 MP: 3/3
   286 | D:1      | Reached * piety under Lugonu
   290 | D:1      | Reached skill level 1 in Stealth
   514 | D:1      | Reached skill level 3 in Polearms
   631 | D:1      | Reached XP level 3. HP: 24/31 MP: 4/4
  1139 | D:2      | Found a shadowy altar of Dithmenos.
  1704 | D:3      | Reached XP level 4. HP: 24/38 MP: 5/5
  1816 | D:3      | Found a glowing drain.
  2067 | Sewer    | Entered a sewer
  2090 | Sewer    | Reached ** piety under Lugonu
  2131 | Sewer    | Reached skill level 4 in Polearms
  2389 | Sewer    | Noticed a bullfrog
  2390 | Sewer    | Noticed a bullfrog
  2405 | Sewer    | Slain by a bullfrog

Illustrated notes

Levels and vault maps discovered:
D:1:      dpeg_arrival_renting, layout_basic, minmay_stone_trees_small
D:2:      layout_rooms, nicolae_dithmenos_through_a_glass_darkly
D:3:      layout_rooms, cheibrodos_sewer_entry_sluice, hangedman_decor_growths,
          uniq_sigmund
Sewer:    sewer_frog_island_01

Skill      XL: |  1  2  3  4 |
---------------+-------------+-----
Stealth        | 1 2 |  2.0
Polearms       | 3 4 |  4.3
Fighting       | |  3.2
Dodging        | |  2.1
Invocations    | |  2.0

Action                   |  1- 3 |  4- 6 || total
-------------------------+-------+-------++-------
Melee: Spear             |   142 |    75 ||   217
       Tailslap          |     6 |     8 ||    14
Throw: Stone             |     7 |    39 ||    46
       Dart              |       |     3 ||     3
Invok: Depart the Abyss  |     1 |       ||     1
       Bend Space        |       |     1 ||     1
  Use: Scroll            |     4 |     2 ||     6
       Potion            |     1 |       ||     1
 Stab: Sleeping          |     1 |       ||     1
Armor: Skin              |    36 |    13 ||    49
Dodge: Dodged            |    73 |    25 ||    98

Table legend: (Time is in decaauts)
 A = Elapsed time spent in this place.
 B = Non-inter-level travel time spent in this place.
 C = Inter-level travel time spent in this place.
 D = Time resting spent in this place.
 E = Time spent auto-exploring this place.
 F = Levels seen in this place.
 G = Mean time per level.
                   A        B        C        D        E       F      G
               +--------+--------+--------+--------+--------+-----+--------+
         Total |   2432 |   2394 |     38 |    373 |   1317 |   5 |  486.4 |
       Dungeon |   1992 |   1954 |     38 |    373 |   1087 |   3 |  664.0 |
         Abyss |     68 |     68 |      0 |      0 |      0 |   1 |   68.0 |
         Sewer |    372 |    372 |      0 |      0 |    230 |   1 |  372.0 |
               +--------+--------+--------+--------+--------+-----+--------+

Top non-repeatable levels by time:
     D:1: 942 daAuts
     D:2: 619 daAuts
     D:3: 431 daAuts
   Sewer: 372 daAuts
 Abyss:1: 68 daAuts
